 Dungeon Crawl Stone Soup version 0.18.1-48-g4cf74bf (webtiles) character file.

1498 Joat the Insei (level 8, -3/58 HPs)
             Began as an Octopode Monk on Aug 9, 2016.
             Slain by Charly's ghost (6 damage)
             ... on level 6 of the Dungeon.
             The game lasted 00:25:58 (5554 turns).

Joat the Insei (Octopode Monk)                      Turns: 5554, Time: 00:25:59

Health: -3/58      AC:  1    Str: 11    XL:     8   Next: 81%
Magic:  8/8        EV: 14    Int: 12    God:
Gold:   329        SH:  8    Dex: 16    Spells: 0 memorised, 7 levels left

rFire  . . .     SeeInvis .       - Unarmed
rCold  + . .     Gourm    .     v - +0 shield
rNeg   . . .     Faith    .     (helmet restricted)
rPois  .         Spirit   .     (no amulet)
rElec  .         Dismiss  .     x - ring of protection from cold
rCorr  .         Reflect  .     B - ring of flight
SustAt .         Harm     .     (no ring)
MR     .....                    (no ring)
Stlth  +++.......               (no ring)
                                (no ring)
                                (no ring)
                                (no ring)

@: not resistant to hostile enchantments, fairly stealthy
A: almost no armour, amphibious, 8 rings, constrict 8, camouflage 1, gelatinous
body 1
a: Evoke Flight


You were on level 6 of the Dungeon.
You were not hungry.

You visited 1 branch of the dungeon, and saw 6 of its levels.

You collected 329 gold pieces.

Inventory:

Missiles
 g - 4 tomahawks (quivered)
Armour
 v - a +0 shield (worn)
Jewellery
 x - a ring of protection from cold (left tentacle)
 B - a ring of flight (right tentacle)
Wands
 o - a wand of lightning (0/15)
 p - a wand of random effects (8/48)
 r - a wand of acid (5/15)
Scrolls
 b - 4 scrolls of remove curse {unknown}
 d - 3 scrolls of teleportation {unknown}
 e - 2 scrolls of blinking {unknown}
 f - 2 scrolls of identify {unknown}
 i - 2 scrolls of recharging {unknown}
 k - 2 scrolls of enchant armour {unknown}
 n - a scroll of fog {unknown}
 u - a scroll of fear {unknown}
 A - a scroll of noise {unknown}
 D - a scroll of random uselessness {unknown}
 E - a scroll of enchant weapon {unknown}
Potions
 c - a potion of brilliance {unknown}
 j - a potion of flight {unknown}
 m - a potion of resistance {unknown}
 q - 2 potions of degeneration {unknown}
 t - a potion of curing {unknown}
 z - a potion of lignification {unknown}
Books
 l - a book of Ice

   Spells                             Type                      Level
   a - Ice Form                       Ice/Transmutation            4
   b - Metabolic Englaciation         Hexes/Ice                    5
   c - Ozocubu's Refrigeration        Ice                          6
   d - Bolt of Cold                   Conjuration/Ice              6
   e - Freezing Cloud                 Conjuration/Ice/Air          6
   f - Simulacrum                     Ice/Necromancy               6
Comestibles
 a - 3 bread rations
 h - 2 beef jerkies
 s - 3 meat rations
 w - 3 fruits
 C - 2 chunks of flesh


   Skills:
 + Level 6.5 Fighting
 + Level 6.5 Dodging
 - Level 2.6 Stealth
 * Level 3.2 Shields
 + Level 7.0 Unarmed Combat


You had 7 spell levels left.
You didn't know any spells.

Dungeon Overview and Level Annotations

Branches:
Dungeon (6/15)
 Temple: D:4-7

Altars:
Ashenzari
Qazlal
Vehumet
Xom

Annotations:
D:6 Charly's ghost, novice CeFi


Innate Abilities, Weirdness & Mutations

You cannot wear most types of armour.
You are amphibious.
You can wear up to eight rings at the same time.
You can use your tentacles to constrict eight enemies at once.
Your skin changes colour to match your surroundings (Stealth).
Your rubbery body absorbs attacks (AC +1).


Message History

* * * LOW HITPOINT WARNING * * *
Evoke which item? (* to show all) (? for menu, Esc to quit)
Zapping:
o - a wand of lightning {zapped: 5} (will waste charges)
Press: ? - help, Shift-Dir - straight line Nothing appears to happen.
Charly's ghost hits you!
* * * LOW HITPOINT WARNING * * *
Evoke which item? (* to show all) (? for menu, Esc to quit)
Okay, then.
Throwing (i - inventory. (,) - cycle):
y - a throwing net (quivered)
Press: ? - help, Shift-Dir - straight line, f - Charly's ghost
Aim: Charly's ghost (severely damaged, immune to nets)
You throw a throwing net. The throwing net hits Charly's ghost.
The net passes right through Charly's ghost!
Charly's ghost is severely damaged.
Charly's ghost says, "Very impressive.
But it won't help.
Nothing will."
You block Charly's ghost's attack.
You barely miss Charly's ghost.
Charly's ghost is severely damaged.
Charly's ghost hits you.
You die...

##.##..##.....
###.....#......
#..#...........
#####.......# #.....###
#.#..## ####.## ##W## ##
##.@###.# ##.#####.......#
#.....##.####..#
##.###....# ..# ..
#.........# ... ...
##..#####.#### .. ....
#.#.# ##..................
#.#### ##......#...........
#.#..###..##...............


You could see Charly's ghost.

Vanquished Creatures
  Sigmund (D:2)
  Eustachio (D:5)
  An eye of draining (D:3)
  A phantom (D:4)
  2 ice beasts (D:5)
  Blork the orc (D:4)
  A giant frog (D:5)
  4 scorpions
  The ghost of Tempura the Skirmisher, a weakling MiFi (D:3)
  The ghost of Charly the Cudgeler, a weakling HuFi (D:4)
  A crimson imp (D:3)
  An orc priest (D:3)
  Jessica (D:2)
  A centaur skeleton (D:4)
  3 orc wizards (D:4)
  A worker ant (D:4)
  A howler monkey skeleton (D:5)
  9 adders
  2 oozes (D:3)
  An adder skeleton (D:3)
  2 worms (D:2)
  2 dart slugs
  6 giant geckos
  14 orcs
  10 bats
  5 giant cockroaches
  3 goblins
  5 hobgoblins
  2 jackals (D:1)
  3 quokkas
  2 ball pythons
  4 giant newts
  8 kobolds
  9 rats
110 creatures vanquished.

Notes
Turn   | Place    | Note
--------------------------------------------------------------
     0 | D:1      | Joat the Octopode Monk began the quest for the Orb.
     0 | D:1      | Reached XP level 1. HP: 16/16 MP: 1/1
    75 | D:1      | Reached XP level 2. HP: 19/21 MP: 2/2
   571 | D:1      | Reached XP level 3. HP: 23/26 MP: 3/3
   981 | D:2      | Noticed Jessica
   987 | D:2      | Killed Jessica
   987 | D:2      | Reached XP level 4. HP: 31/31 MP: 4/4
  1021 | D:2      | Noticed Sigmund
  1031 | D:2      | Killed Sigmund
  1031 | D:2      | Reached skill level 5 in Unarmed Combat
  1031 | D:2      | Reached XP level 5. HP: 20/37 MP: 5/5
  1257 | D:2      | Reached XP level 6. HP: 41/44 MP: 6/6
  2104 | D:3      | Noticed Tempura's ghost (weakling MiFi)
  2125 | D:3      | Killed Tempura's ghost
  2125 | D:3      | Reached skill level 5 in Dodging
  2207 | D:3      | Noticed an eye of draining
  2219 | D:3      | Reached skill level 5 in Fighting
  2219 | D:3      | Reached XP level 7. HP: 25/50 MP: 0/7
  2785 | D:3      | Found a stormy altar of Qazlal.
  2984 | D:4      | Noticed Charly's ghost (weakling HuFi)
  2999 | D:4      | Killed Charly's ghost
  2999 | D:4      | Reached skill level 6 in Unarmed Combat
  3470 | D:4      | Found a shimmering altar of Xom.
  3693 | D:4      | Noticed Blork the orc
  3703 | D:4      | Killed Blork the orc
  3703 | D:4      | Reached skill level 1 in Shields
  3873 | D:4      | Reached XP level 8. HP: 26/57 MP: 8/8
  4527 | D:5      | Entered Level 5 of the Dungeon
  4534 | D:5      | Found a shattered altar of Ashenzari.
  4604 | D:5      | Noticed Eustachio
  4616 | D:5      | Killed Eustachio
  4724 | D:5      | Found a radiant altar of Vehumet.
  5136 | D:5      | Reached skill level 7 in Unarmed Combat
  5536 | D:6      | Noticed Charly's ghost (novice CeFi)
  5554 | D:6      | Slain by Charly's ghost

Skill      XL: |  1  2  3  4  5  6  7  8 |
---------------+-------------------------+-----
Fighting       | 4 5 6 |  6.5
Dodging        | 4 5 6 |  6.5
Unarmed Combat | 5 6 7 |  7.0
Shields        | 1 3 |  3.2
Stealth        | |  2.6

Action                   |  1- 3 |  4- 6 |  7- 9 || total
-------------------------+-------+-------+-------++-------
Melee: Unarmed           |    68 |    96 |   164 ||   328
       Constrict         |    21 |    21 |    30 ||    72
       Tentacles         |     5 |    18 |    41 ||    64
       Punch             |       |     9 |    14 ||    23
Throw: Throwing net      |       |       |     2 ||     2
 Abil: Evoke Flight      |       |       |     1 ||     1
Evoke: Wand              |       |       |     3 ||     3
 Stab: Sleeping          |    14 |    10 |     8 ||    32
  Eat: Chunk             |       |     4 |    11 ||    15
Armor: Skin              |     7 |    13 |     3 ||    23
Dodge: Dodged            |    29 |    70 |    92 ||   191
Block: Shield            |       |       |     4 ||     4
